Map: Abyssal Reef LE

Players

soO - Winner!

  • Race: Zerg Zerg
  • Spawn Location: 11:00

SpeCial

  • Race: Terran Terran
  • Spawn Location: 5:00

Event: 2017 WCS Global Finals

VOD

Have the link to the VOD?

Description

Time

  • Played on: Nov. 4, 2017, 3:23 p.m.
  • Length: 5:02

All games in this series

Show
View Real Time Build Order
Export as new Build Order

soO Zerg - Winner!

Build Orders: Pool Only, Ravager All-In 

Get SALT Encoding   

  12  0:17  Spawning Pool  
  11  0:22  Drone  
  11  0:27  Drone  
  13  0:33  Drone  
  14  0:41  Extractor  
  14  0:42  Drone  
  14  0:48  Extractor, Drone  
  14  1:04  Roach Warren, Zergling x2  
  14  1:13  Overlord  
  14  1:25  Overlord  
  14  1:44  Roach  
  14  1:45  Roach  
  18  1:57  Roach  
  20  2:05  Ravager x2  
  22  2:15  Roach  
  24  2:17  Ravager  
  24  2:31  Roach  
  26  2:43  Ravager  
  27  2:46  Roach  
  29  2:51  Overlord  
  29  3:12  Ravager x2  
  31  3:23  Roach  
  33  3:28  Roach  
  33  3:30  Overlord  
  37  3:48  Roach  
  37  3:51  Ravager  
  38  4:06  Roach x2  
  36  4:19  Roach  
  36  4:20  Ravager  
  40  4:31  Ravager  
  40  4:41  Roach  
Show
View Real Time Build Order
Export as new Build Order

SpeCial Terran 

Build Orders: Cyclone Opening, Gas First Reaper Expand, Reaper Expand 

Get SALT Encoding   

  12  0:00  SCV  
  13  0:12  SCV  
  14  0:17  Supply Depot  
  14  0:24  SCV  
  14  0:27  Refinery  
  15  0:38  SCV  
  16  0:45  Barracks  
  16  0:50  SCV  
  17  1:02  SCV  
  18  1:14  SCV  
  19  1:32  Reaper  
  21  1:33  Orbital Command  
  20  1:43  Command Center  
  20  1:54  Factory  
  20  1:58  SCV  
  21  2:06  Barracks Reactor  
  21  2:10  Supply Depot, SCV  
  22  2:22  SCV  
  22  2:24  Refinery  
  23  2:35  SCV  
  24  2:41  Bunker  
  24  2:42  Cyclone, Marine  
  27  2:45  Marine  
  27  2:48  SCV  
  28  2:53  Supply Depot  
  28  3:00  Marine  
  26  3:14  Marine  
  27  3:30  Supply Depot  
  25  3:51  SCV, Cyclone, Marine  
  30  4:02  Starport  
  30  4:05  SCV  
  25  4:14  Marine  
  22  4:17  SCV  
  21  4:30  SCV  
  21  4:32  Marine  
  21  4:34  Bunker  
  18  4:47  SCV  
Tags
 
Add a new tag
Caveats
  • Supply blocks, unpowered buildings, or Contaminate may cause inaccurate times.
  • Supply counts are checked every 10 seconds.